 Dungeon Crawl Stone Soup version 0.31.0-9-g3a7656b989 (webtiles) character file.

Game seed: 9610938294836415319

275 Axelsxxd the Digger (level 5, -4/45 HPs)
             Began as a Demigod Earth Elementalist on Feb 2, 2024.
             Slain by Terence
             ... wielding a +3 heavy hand axe
              (10 damage)
             ... on level 3 of the Dungeon.
             The game lasted 00:05:09 (2004 turns).

Axelsxxd the Digger (Demigod Earth Elementalist)    Turns: 2004, Time: 00:05:10

Health: -4/45      AC:  2    Str:  9    XL:     5   Next: 73%
Magic:  12/12      EV: 12    Int: 21    God:
Gold:   133        SH:  0    Dex: 14    Spells: 8/9 levels left

rFire   . . .        n - +10 spear of Feocoif {freeze, ^Drain rC++ rCorr}
rCold   + + .        (no shield)
rNeg    . . .        a - +0 robe
rPois   +            (no helmet)
rElec   .            (no cloak)
rCorr   +            (no gloves)
SInv    .            (no boots)
Will    .....        (no amulet)
Stlth   ++           f - ring of poison resistance
HPRegen 0.27/turn    (no ring)
MPRegen 0.13/turn

%: no passive effects
@: mighty
A: high MP 1, forlorn, divine attributes
a: no special abilities


You were on level 3 of the Dungeon.
You visited 1 branch of the dungeon, and saw 3 of its levels.

You collected 133 gold pieces.

Inventory:

Hand Weapons
 e - a +0 dagger
 n - the +10 spear of Feocoif (weapon) {freeze, ^Drain rC++ rCorr}
   (You found it on level 2 of the Dungeon)

   rC++:      It greatly protects you from cold.
   rCorr:     It protects you from acid and corrosion.
   ^Drain:    It drains your maximum health when unequipped.
Armour
 a - a +0 robe (worn)
Jewellery
 f - a ring of poison resistance (left hand)
Scrolls
 c - 2 scrolls of identify {unknown}
 h - a scroll of blinking {unknown}
 i - 2 scrolls of vulnerability {unknown}
 k - a scroll of enchant armour {unknown}
 l - a scroll of fog {unknown}
Potions
 b - a potion of magic
 g - a potion of heal wounds {unknown}
 j - a potion of attraction {unknown}
 m - a potion of might


   Skills:
 - Level 3.0 Fighting
 + Level 1.2 Polearms
 - Level 1.7 Dodging
 - Level 1.7 Stealth
 * Level 2.9 Spellcasting
 + Level 1.8 Conjurations
 * Level 3.8 Earth Magic


You had 8 spell levels left.
You knew the following spells:

 Your Spells              Type           Power      Damage    Failure   Level
a - Sandblast             Erth           38%        2d10      2%          1

Your spell library contained the following spells:

 Spells                   Type           Power      Damage    Failure   Level
 Passwall                 Erth           19%        N/A       9%          3
 Stone Arrow              Conj/Erth      30%        3d8       12%         3
 Brom's Barrelling Bould  Conj/Erth      15%        2d4       38%         4
 Petrify                  Alch/Erth      11%        N/A       52%         4


Dungeon Overview and Level Annotations

Branches:
Dungeon (3/15)

Annotations:
D:3 Terence


Innate Abilities, Weirdness & Mutations

You have an increased reservoir of magic. (+10% MP)
You shall have no god before yourself.
Your divine heritage dramatically boosts your attributes as you level up.


Message History

You hit the orc wizard. You freeze the orc wizard.
The orc wizard is almost dead.
The orc wizard barely misses you.
Reach: n) +10 spear of Feocoif {freeze, ^Drain rC++ rCorr}
Press: ? - help, Dir - move target, f/p - orc wizard
Aim: an orc wizard, wielding a +0 dagger and wearing a +0 robe (almost dead, about 34% to evade the +10 spear of Feocoif)
You puncture the orc wizard! You freeze the orc wizard.
You kill the orc wizard!
Unknown command.
Unknown command.
Items here: ) [ †††.
Things that are here:
a +0 club; an orc corpse It was a potion of might.
You feel very mighty all of a sudden.
Reach: n) +10 spear of Feocoif {freeze, ^Drain rC++ rCorr}
Press: ? - help, Dir - move target, f - Terence
Aim: Terence, wielding a +3 heavy hand axe and wearing a +0 scale mail (about 26% to evade the +10 spear of Feocoif)
You reach to attack!
You hit Terence. You freeze Terence.
Terence is lightly wounded.
Unknown command.
Unknown command.
It was a potion of curing.
You feel better.
Terence hits you with a +3 heavy hand axe.
Reach: n) +10 spear of Feocoif {freeze, ^Drain rC++ rCorr}
Press: ? - help, Dir - move target, f/p - Terence
Aim: Terence, wielding a +3 heavy hand axe and wearing a +0 scale mail (lightly wounded, about 26% to evade the +10 spear of Feocoif)
You puncture Terence! You freeze Terence.
Terence is almost dead.
Terence hits you with a +3 heavy hand axe!
* * * LOW HITPOINT WARNING * * *
Unknown command.
Reach: n) +10 spear of Feocoif {freeze, ^Drain rC++ rCorr}
Press: ? - help, Dir - move target, f/p - Terence
Aim: Terence, wielding a +3 heavy hand axe and wearing a +0 scale mail (almost dead, about 26% to evade the +10 spear of Feocoif)
You closely miss Terence.
Terence is almost dead.
Terence hits you with a +3 heavy hand axe!
You die...
Terence says, "Time to find some more victims."

..##.....##...#.......
#........)
....................?
..........
......######.#......
#.........
##....######.#.....
#.........
##...........#..g.
#.........
......#########..##
#......... ......# #.g#
#####.....
......###########@# #.....
..#.###.........@.######
#..... ..+..#
.........)......## #.....
..#..# .........)###....#
#..... .....# ..........#
#....####..... ..##..
..........# #.............
.## ###.........$#
#....##....... .#
...#........#....##.......
<#
..###..#....#....##.......
....# .#
##.....)#.^..####.####


You could see Terence and a goblin.

Vanquished Creatures
  Sigmund (D:3)
  An orc wizard (D:3)
  2 adders (D:2)
  2 ribbon worms (D:3)
  5 dart slugs
  4 orcs (D:3)
  3 bats
  5 endoplasms
  4 giant cockroaches
  4 hobgoblins
  2 jackals (D:3)
  5 kobolds
  2 quokkas
  5 ball pythons
  6 frilled lizards
  A goblin (D:3)
  7 rats
59 creatures vanquished.

Notes
Turn   | Place    | Note
-------+----------+-------------------------------------------
     0 | D:1      | Axelsxxd the Demigod Earth Elementalist began the quest for
                  | the Orb.
     0 | D:1      | Reached XP level 1. HP: 14/14 MP: 5/5
   113 | D:1      | Reached skill level 1 in Conjurations
   322 | D:1      | Reached XP level 2. HP: 22/22 MP: 4/7
   506 | D:1      | Reached skill level 1 in Fighting
  1014 | D:2      | Reached XP level 3. HP: 29/29 MP: 4/8
  1208 | D:2      | You fall into a shaft and drop 1 floor!
  1467 | D:2      | Identified the +10 spear of Feocoif {freeze, ^Drain rC++
                  | rCorr}
  1730 | D:3      | Noticed Sigmund
  1742 | D:3      | Killed Sigmund
  1743 | D:3      | Reached skill level 1 in Polearms
  1743 | D:3      | Reached XP level 4. HP: 21/38 MP: 8/10
  1743 | D:3      | Reached XP level 5. HP: 25/45 MP: 9/12
  1990 | D:3      | Noticed Terence
  2004 | D:3      | Slain by Terence

Illustrated notes

Levels and vault maps discovered:
D:1:      spicycebolla_arrival_ecumenical, layout_basic
D:2:      layout_loops_ring
D:3:      layout_basic, nicolae_hepliaklqana_monster_ancestors,
          nemelex_diamond_rough_becter, bloody_trog, uniq_sigmund, uniq_terence

Skill      XL: |  1  2  3 |
---------------+----------+-----
Conjurations   | 1 |  1.8
Spellcasting   | 2 |  2.9
Earth Magic    | 3 |  3.8
Fighting       | 2 3 |  3.0
Polearms       | 1 |  1.2
Dodging        | |  1.7
Stealth        | |  1.7

Action                     |  1- 3 |  4- 6 || total
---------------------------+-------+-------++-------
  Melee: Dagger            |     8 |       ||     8
         Spear             |    18 |    39 ||    57
   Cast: Sandblast         |    47 |     4 ||    51
    Use: Potion            |       |     2 ||     2
   Stab: Sleeping          |     6 |     1 ||     7
 Armour: Robe              |    25 |    33 ||    58
  Dodge: Dodged            |    16 |    30 ||    46
